 Dungeon Crawl Stone Soup version 0.30.1-3-gfc49f6343a (webtiles) character file.

Game seed: 12705362005965703733

966 Peloso the Slasher (level 7, 0/61 HPs)
             Began as a Minotaur Fighter on July 29, 2023.
             Slain by Prince Ribbit (6 damage)
             ... on level 5 of the Dungeon.
             The game lasted 00:06:22 (4476 turns).

Peloso the Slasher (Minotaur Fighter)               Turns: 4476, Time: 00:06:22

Health: 0/61       AC: 15    Str: 21    XL:     7   Next: 93%
Magic:  6/6        EV:  8    Int:  5    God:
Gold:   284        SH:  5    Dex: 11    Spells: 6/6 levels left

rFire   + . .        a - +0 long sword (protect)
rCold   + . .        c - +0 buckler
rNeg    . . .        r - +1 chain mail
rPois   +            (helmet restricted)
rElec   +            (no cloak)
rCorr   +            (no gloves)
SInv    .            (no boots)
Will    .....        (no amulet) Stlth
                     q - +4 ring of protection
HPRegen 0.30/turn    (no ring)
MPRegen 0.10/turn

%: no passive effects
@: resistant, attractive
A: horns 2, retaliatory headbutt
a: no special abilities


You were on level 5 of the Dungeon.
You visited 1 branch of the dungeon, and saw 5 of its levels.

You collected 284 gold pieces.

Inventory:

Hand Weapons
 a - a +0 long sword of protection (weapon)
Missiles
 j - 3 throwing nets (quivered)
Armour
 b - a +0 scale mail
 c - a +0 buckler (worn)
 r - a +1 chain mail (worn)
Jewellery
 i - a ring of wizardry
 q - a +4 ring of protection (left hand)
 u - a ring of protection from fire
Wands
 n - a wand of mindburst (12)
 v - a wand of flame (19)
Scrolls
 e - a scroll of identify
 f - a scroll of noise
 g - a scroll of fear
 h - a scroll of teleportation
 o - 2 scrolls of magic mapping
Potions
 d - a potion of might
 k - a potion of flight
 w - a potion of magic


   Skills:
 + Level 5.6 Fighting
 + Level 7.3 Long Blades
 + Level 5.8 Armour
 + Level 2.1 Dodging
 + Level 0.8 Stealth
 + Level 5.8 Shields


You had 6 spell levels left.
You didn't know any spells.
Your spell library contained the following spells:

 Spells                   Type           Power      Damage    Failure   Level
 Sandblast                Erth           0%         2d4       99%         1
 Shock                    Conj/Air       0%         1d3       99%         1
 Ensorcelled Hibernation  Hex/Ice        0%         N/A       99%         2
 Passwall                 Tmut/Erth      0%         N/A       99%         2
 Sublimation of Blood     Necr           0%         N/A       99%         2
 Wereblood                Tmut           0%         N/A       99%         2
 Ozocubu's Armour         Ice            0%         N/A       100%        3
 Stone Arrow              Conj/Erth      0%         3d7       100%        3
 Swiftness                Air            0%         N/A       100%        3
 Vhi's Electric Charge    Tloc/Air       0%         N/A       100%        3
 Airstrike                Air            0%         2d(0-16)  100%        4
 Arcjolt                  Conj/Air       0%         1d10      100%        5
 Plasma Beam              Fire/Air       0%         2x1d11    100%        6
 Ozocubu's Refrigeration  Ice            0%         4d7       100%        7
 Summon Hydra             Summ           0%         N/A       100%        7


Dungeon Overview and Level Annotations

Branches:
Dungeon (5/15)             Temple (0/1) D:5

Altars:

Annotations:
D:2 1 runed translucent door, Crazy Yiuf
D:5 Prince Ribbit


Innate Abilities, Weirdness & Mutations

You have a pair of horns on your head.
You reflexively headbutt those who attack you in melee.


Message History

You closely miss Prince Ribbit.
Prince Ribbit is moderately wounded.
Prince Ribbit hits you. Prince Ribbit completely misses you.
You miss Prince Ribbit.
Prince Ribbit is moderately wounded.
Prince Ribbit blinks!
You closely miss Prince Ribbit.
Prince Ribbit is moderately wounded.
Prince Ribbit croaks regally.
Prince Ribbit hits you!
An iguana comes into view.
You barely miss Prince Ribbit.
Prince Ribbit is moderately wounded.
The iguana hisses angrily.
Prince Ribbit hits you!
Prince Ribbit blinks!
Found a staircase to the Ecumenical Temple.
The iguana closely misses you. You furiously retaliate!
You headbutt the iguana. You hit the iguana but do no damage.
Your weapon exudes an aura of protection.
The iguana bites you but does no damage.
The iguana barely misses you. You block Prince Ribbit's attack.
Unknown command.
The iguana attacks as you move away! You block the iguana's attack.
The iguana bites you! Prince Ribbit attacks as you move away!
Prince Ribbit barely misses you.
Prince Ribbit hits you but does no damage.
Prince Ribbit attacks as you move away! Prince Ribbit hits you!
Prince Ribbit attacks as you move away! Prince Ribbit hits you!
* * * LOW HITPOINT WARNING * * *
Prince Ribbit hits you but does no damage.
It was a potion of attraction.
You feel attractive to monsters. Prince Ribbit hits you!
* * * LOW HITPOINT WARNING * * *
It was a potion of resistance.
You feel protected.
Prince Ribbit hits you but does no damage.
Prince Ribbit hits you.
You die...

#.#........... .#
###
#...#..#####... #.
#..............
##.
##......#####...
+..[.
................
####.
........#####...
#.
...>............ .
#.
##...##.#####.#...
#. #...
#lF@....#.+# #.
#...##l#####....#
#.
##.#....l....##..
#.###l........ #.
#.#.###... .
../#.# ##........
###....#.#
##..#.#.#


You could see Prince Ribbit and 2 iguanas.

Vanquished Creatures
  A steam dragon (D:4)
  A black bear (D:4)
  A bullfrog (D:4)
  2 scorpions (D:4)
  A howler monkey (D:4)
  2 hounds
  2 jellies (D:4)
  Terence (D:3)
  Jessica (D:2)
  2 iguanas (D:4)
  3 orc wizards
  3 hound zombies (D:3)
  2 hound skeletons (D:3)
  3 gnolls (D:4)
  6 adders
  3 adder skeletons (D:3)
  A worm (D:2)
  2 dart slugs
  11 orcs
  8 endoplasms
  2 giant cockroaches
  13 goblins
  4 hobgoblins
  4 jackals (D:2)
  6 kobolds
  2 quokkas
  6 ball pythons
  A ball python skeleton (D:3)
  3 ball python zombies (D:3)
  6 bats
  5 frilled lizards
  8 rats
116 creatures vanquished.

Vanquished Creatures (others)
  A kobold (D:4)
1 creature vanquished.

Grand Total: 117 creatures vanquished

Notes
Turn   | Place    | Note
-------+----------+-------------------------------------------
     0 | D:1      | Peloso the Minotaur Fighter began the quest for the Orb.
     0 | D:1      | Reached XP level 1. HP: 19/19 MP: 0/0
   121 | D:1      | Reached XP level 2. HP: 27/27 MP: 1/1
   275 | D:1      | Reached skill level 3 in Long Blades
   383 | D:1      | Reached XP level 3. HP: 33/33 MP: 2/2
  1367 | D:2      | Noticed Jessica
  1374 | D:2      | Killed Jessica
  1375 | D:2      | Reached XP level 4. HP: 41/41 MP: 3/3
  1811 | D:2      | Found a runed translucent door.
  1812 | D:2      | Noticed Crazy Yiuf
  1998 | D:3      | Reached XP level 5. HP: 46/47 MP: 4/4
  2035 | D:3      | Found a faded altar of an unknown god.
  2183 | D:3      | Reached skill level 4 in Long Blades
  2183 | D:3      | Reached skill level 1 in Dodging
  2401 | D:3      | Noticed Terence
  2412 | D:3      | Killed Terence
  2418 | D:3      | Reached XP level 6. HP: 53/53 MP: 5/5
  2806 | D:4      | Reached skill level 5 in Long Blades
  2812 | D:4      | Reached skill level 5 in Armour
  2812 | D:4      | Reached skill level 5 in Shields
  3297 | D:4      | Reached skill level 5 in Fighting
  3373 | D:4      | Reached XP level 7. HP: 61/61 MP: 6/6
  3439 | D:4      | Reached skill level 6 in Long Blades
  3747 | D:4      | Noticed a steam dragon
  3760 | D:4      | Killed a steam dragon
  3909 | D:4      | Reached skill level 7 in Long Blades
  4353 | D:5      | Entered Level 5 of the Dungeon
  4462 | D:5      | Noticed Prince Ribbit
  4468 | D:5      | Found a staircase to the Ecumenical Temple.
  4476 | D:5      | Slain by Prince Ribbit

Illustrated notes

Levels and vault maps discovered:
D:1:      heliophobic_arrival_battle_scene, layout_loops_ring, serial_rivers,
          chequers_serial_rivers_small_b, chequers_serial_rivers_large_a,
          chequers_serial_rivers_small_a, chequers_serial_rivers_marsh,
          chequers_serial_rivers_small_b, chequers_serial_rivers_small_b
D:2:      layout_loops_ring, minmay_misc_feat_hallway, uniq_jessica,
          uniq_crazy_yiuf_cottage
D:3:      layout_basic, serial_undead, serial_undead_a, serial_undead_d,
          serial_undead_a, serial_undead_a, serial_undead_b, serial_undead_c,
          serial_undead_e, serial_undead_f, serial_undead_d, serial_undead_a,
          chequers_ecumenical_altar_island, kennysheep_generic_room_4,
          uniq_terence
D:4:      cheibrodos_barr_body, layout_loops_ring
D:5:      layout_loops_corners, minmay_temple_entry_grid, minmay_misc_feat_rows,
          uniq_prince_ribbit1

Skill      XL: |  1  2  3  4  5  6  7 |
---------------+----------------------+-----
Fighting       | 4 5 |  5.6
Shields        | 4 5 |  5.8
Long Blades    | 3 4 5 7 |  7.3
Armour         | 4 5 |  5.8
Dodging        | 1 2 |  2.1
Stealth        | |  0.8

Action                     |  1- 3 |  4- 6 |  7- 9 || total
---------------------------+-------+-------+-------++-------
  Melee: Long sword        |    88 |   155 |    87 ||   330
         Headbutt          |    13 |    29 |    13 ||    55
    Use: Scroll            |     3 |       |     8 ||    11
         Potion            |     1 |       |     2 ||     3
 Armour: Scale mail        |    54 |    53 |       ||   107
         Chain mail        |       |    50 |    43 ||    93
  Dodge: Dodged            |    38 |    45 |    33 ||   116
  Block: Buckler           |    20 |    37 |    17 ||    74
